 Dungeon Crawl Stone Soup version 0.29-a0-664-gff9cad4a3d (webtiles) character file.

Game seed: 17288132526983447192

7 vineage the Skirmisher (level 1, -1/17 HPs)
             Began as a Demonspawn Gladiator on June 22, 2022.
             Frozen to death by an endoplasm (2 damage)
             ... on level 1 of the Dungeon.
             The game lasted 00:00:33 (401 turns).

vineage the Skirmisher (Demonspawn Gladiator)        Turns: 401, Time: 00:00:34

Health: -1/17      AC:  4    Str: 18    XL:     1   Next: 91%
Magic:  1/1        EV: 12    Int:  8    God:
Gold:   0          SH:  0    Dex: 13    Spells: 0/0 levels left

rFire   . . .      SeeInvis .   a - +0 flail
rCold   + . .      Faith    .   (no shield)
rNeg    . . .      Spirit   .   b - +0 leather armour
rPois   .          Reflect  .   c - +0 helmet
rElec   +          Harm     .   (no cloak)
rCorr   .          Rampage  .   (no gloves)
Will    .....                   (no boots)
Stlth   +.........              (no amulet)
HPRegen 0.05/turn               (no ring)
MPRegen 0.07/turn               (no ring)

@: no status effects
A: cold resistance 1, electricity resistance, strong 1, devolution 1
a: no special abilities


You were on level 1 of the Dungeon.
You visited 1 branch of the dungeon, and saw 1 of its levels.

Inventory:

Hand Weapons
 a - a +0 flail (weapon)
Missiles
 d - 3 throwing nets (quivered)
 e - a javelin
Armour
 b - a +0 leather armour (worn)
 c - a +0 helmet (worn)


   Skills:
 + Level 2.7 Fighting
 - Level 2.6 Maces & Flails
 - Level 1.7 Throwing
 - Level 2.6 Dodging


You couldn't memorise any spells.
You didn't know any spells.
Your spell library was empty.

Dungeon Overview and Level Annotations

Branches:
Dungeon (1/15)

Altars:


Innate Abilities, Weirdness & Mutations

Your flesh is cold resistant. (rC+)
You are resistant to electric shocks. (rElec)
Your muscles are strong. (Str +4, Int/Dex-1)
You have hidden genetic defects.


Message History

The endoplasm hits you.
* * * LOW HITPOINT WARNING * * *
The quokka closely misses you. The endoplasm barely misses you.
The quokka attacks as you move away! The quokka closely misses you.
The endoplasm jiggles.
The quokka closely misses you. The quokka attacks as you move away!
The quokka completely misses you. x2
The quokka attacks as you move away! The quokka closely misses you.
The quokka attacks as you move away! The quokka closely misses you.
The quokka attacks as you move away! The quokka bites you.
* * * LOW HITPOINT WARNING * * *
The quokka barely misses you. The quokka attacks as you move away!
The quokka bites you but does no damage.
The quokka attacks as you move away! The quokka closely misses you.
The quokka bites you.
* * * LOW HITPOINT WARNING * * *
There is an open door here.
The quokka attacks as you move away! The quokka closely misses you.
The quokka barely misses you.
It was a potion of mutation.
You feel extremely strange.
You feel stronger.
You feel a hidden malignance growing inside you.
You feel insulated.
You feel resistant to cold. The quokka barely misses you.
You hit the quokka.
The quokka is heavily wounded.
The quokka closely misses you. x2
You closely miss the quokka.
The quokka is heavily wounded.
The quokka bites you.
* * * LOW HITPOINT WARNING * * *
You closely miss the quokka.
The quokka is heavily wounded.
The quokka closely misses you. x2
You thump the quokka!
You kill the quokka!
The endoplasm freezes you.
You are frozen.
You resist.
You die...

.................#.##
.................#..#
##..##...##..###'##.#
#..##...##..# #..#.#
♣#...........#♣##.#.#
♣#...........#♣#..#.##
♣#...........#♣#.##..#
♣#...........#♣#J#...##
♣#...........#♣#@#.#..#
♣#..##...##..#♣#.#.##.#
#..##...##..# #.#.##.#########
#...........# #.'.##.........#
.#...........#♣###.##.........#
♣#...........#♣ #.##.........#
#...........#♣ #.##..)......#
♣#...........#♣ #.##.........#
♣#...........#♣ #.##.........#


You could see an endoplasm.

Vanquished Creatures
  A dart slug (D:1)
  2 giant cockroaches (D:1)
  A kobold (D:1)
  A quokka (D:1)
  A ball python (D:1)
6 creatures vanquished.

Notes
Turn   | Place    | Note
-------+----------+-------------------------------------------
     0 | D:1      | vineage the Demonspawn Gladiator began the quest for the
                  | Orb.
     0 | D:1      | Reached XP level 1. HP: 16/16 MP: 1/1
   397 | D:1      | Gained mutation: Your muscles are strong. (Str +4,
                  | Int/Dex-1) [potion of mutation]
   397 | D:1      | Gained mutation: You have hidden genetic defects. [potion
                  | of mutation]
   397 | D:1      | Gained mutation: You are resistant to electric shocks.
                  | (rElec) [potion of mutation]
   397 | D:1      | Gained mutation: Your flesh is cold resistant. (rC+)
                  | [potion of mutation]
   401 | D:1      | Frozen to death by an endoplasm

Illustrated notes

Levels and vault maps discovered:
D:1:      beargit_arrival_diablo_church, layout_basic,
          hellmonk_ecumenical_altar_slurped_away

Action                   || total
-------------------------++-------
Melee: Flail             ||    29
  Use: Potion            ||     1
Armor: Leather armour    ||     9
Dodge: Dodged            ||    39

Table legend: (Time is in decaauts)
 A = Elapsed time spent in this place.
 B = Non-inter-level travel time spent in this place.
 C = Inter-level travel time spent in this place.
 D = Time resting spent in this place.
 E = Time spent auto-exploring this place.
 F = Levels seen in this place.
 G = Mean time per level.
                   A        B        C        D        E       F      G
               +--------+--------+--------+--------+--------+-----+--------+
         Total |    408 |    408 |      0 |      0 |    336 |   1 |  408.0 |
       Dungeon |    408 |    408 |      0 |      0 |    336 |   1 |  408.0 |
               +--------+--------+--------+--------+--------+-----+--------+

Top non-repeatable levels by time:
     D:1: 408 daAuts
